 Dungeon Crawl Stone Soup version 0.28.0-47-ge53b351184 (webtiles) character file.

Game seed: 13497223820668147435

217 Bruhh the Changer (level 5, 0/37 HPs)
             Began as a Merfolk Transmuter on Apr 27, 2022.
             Slain by a hornet (2 damage)
             ... on level 5 of the Dungeon.
             The game lasted 00:08:17 (4300 turns).

Bruhh the Changer (Merfolk Transmuter)              Turns: 4300, Time: 00:08:18

Health: 0/37       AC:  2    Str: 10    XL:     5   Next: 94%
Magic:  6/8        EV: 12    Int: 15    God:
Gold:   150        SH:  0    Dex: 14    Spells: 2/8 levels left

rFire   . . .      SeeInvis .     - Unarmed
rCold   . . .      Faith    .   (no shield)
rNeg    . . .      Spirit   .   a - +0 robe
rPois   .          Reflect  .   (no helmet)
rElec   .          Harm     .   (no cloak)
rCorr   .          Rampage  .   (no gloves)
Will    .....                   (no boots)
Stlth   +.........              (no amulet)
HPRegen 0.12/turn               (no ring)
MPRegen 0.11/turn               (no ring)

@: slowed, very slow
A: (nimble swimmer 2), mertail
a: no special abilities


You were on level 5 of the Dungeon.
You visited 1 branch of the dungeon, and saw 5 of its levels.

You collected 150 gold pieces.

Inventory:

Hand Weapons
 g - a +1 dagger of venom
Missiles
 b - 3 curare-tipped darts
Armour
 a - a +0 robe (worn)
Magical Staves
 e - a staff of poison
Scrolls
 c - a scroll of magic mapping {unknown}
 d - a scroll of amnesia {unknown}
 f - a scroll of enchant weapon {unknown}
 h - 2 scrolls of teleportation {unknown}
 i - 2 scrolls of identify {unknown}
Potions
 j - a potion of magic {unknown}
 k - a potion of mutation {unknown}
 l - 2 potions of flight {unknown}


   Skills:
 - Level 1.1 Fighting
 - Level 2.6 Dodging
 * Level 5.4 Unarmed Combat
 - Level 2.0 Spellcasting
 - Level 6.0 Transmutations


You had 2 spell levels left.
You knew the following spells:

 Your Spells              Type           Power      Damage    Failure   Level
a - Beastly Appendage     Tmut           38%        N/A       1%          1
b - Spider Form           Tmut/Pois      10%        N/A       19%         3
c - Wereblood             Tmut           19%        N/A       2%          2

Your spell library contained the following spells:

 Spells                   Type           Power      Damage    Failure   Level
 Foxfire                  Conj/Fire      4%         2x1d4     22%         1
 Conjure Flame            Conj/Fire      1%         6-21      54%         3
 Gell's Gravitas          Tloc           1%         N/A       54%         3
 Inner Flame              Hex/Fire       1%         N/A       54%         3
 Lesser Beckoning         Tloc           1%         N/A       54%         3
 Teleport Other           Tloc           1%         N/A       54%         3
 Ice Form                 Ice/Tmut       10%        N/A       54%         4
 Flame Wave               Conj/Fire      1%         2d4       91%         4


Dungeon Overview and Level Annotations

Branches:
Dungeon (4/15)
 Temple: D:4-7

Altars:


Innate Abilities, Weirdness & Mutations

((You are very nimble when in or above water. (Stealth+, EV+, Speed+++)))
Your lower body shifts to a powerful aquatic tail in water.


Message History

Your +0 robe melds into your body.
The gnoll completely misses you.
You hit the gnoll.
The gnoll is moderately wounded.
The gnoll hits you from afar with a +0 halberd of flaming.
The gnoll burns you. The gnoll closely misses you.
You barely miss the gnoll.
The gnoll is moderately wounded.
The gnoll misses you. The gnoll barely misses you.
You hit the gnoll but do no damage.
The gnoll is poisoned.
The gnoll is moderately wounded.
The gnoll completely misses you. The gnoll misses you.
You hit the gnoll.
The gnoll looks as sick as possible!
The gnoll is heavily wounded.
The gnoll misses you. x2
You bite the gnoll!
You kill the gnoll!
The gnoll hits you from afar with a +0 halberd of flaming!
The gnoll burns you.
Your magical contamination has completely faded away.
The gnoll misses you.
Your transformation is almost over.
Your transformation has ended.
Your +0 robe unmelds from your body.
There is a stone staircase leading down here.
The gnoll barely misses you.
You climb downwards.
A sourceless malevolence fills the Dungeon...
You fall into a shaft and drop 1 floor!
The shaft crumbles and collapses.
A phantom, a hound skeleton, an orc and a hornet come into view.
The orc shouts!
The hornet buzzes angrily.
Found a stone staircase leading down.
A howler monkey comes into view.
The howler monkey howls!
The hornet stings you!
* * * LOW HITPOINT WARNING * * *
You feel yourself slow down. The hound skeleton closely misses you.
The hornet stings you.
You die...

# ..............#
#...............#
##.##...........#
##.#.............##
..#...............##
....................
...........Zh.......
...........y@.......
.........o........##
......W...........#
..................#
..................#
.................##
...................
...................
.######........


You could see a hornet, a phantom, a howler monkey, an orc and a hound skeleton.

Vanquished Creatures
  Crazy Yiuf (D:2)
  Jessica (D:2)
  An orc wizard (D:2)
  A gnoll (D:3)
  4 adders
  An ufetubus (D:3)
  A worm (D:3)
  4 dart slugs
  7 orcs
  4 ball pythons
  4 bats
  5 endoplasms
  2 giant cockroaches
  5 goblins
  2 hobgoblins
  3 jackals (D:1)
  8 kobolds
  6 quokkas
  5 frilled lizards
  8 rats
73 creatures vanquished.

Notes
Turn   | Place    | Note
-------+----------+-------------------------------------------
     0 | D:1      | Bruhh the Merfolk Transmuter began the quest for the Orb.
     0 | D:1      | Reached XP level 1. HP: 15/15 MP: 3/3
    26 | D:1      | Reached skill level 3 in Transmutations
   153 | D:1      | Reached XP level 2. HP: 12/21 MP: 3/5
   320 | D:1      | Found a faded altar of an unknown god.
   545 | D:1      | Reached skill level 4 in Transmutations
  1422 | D:1      | Reached XP level 3. HP: 19/26 MP: 4/6
  1628 | D:1      | Learned a level 3 spell: Spider Form
  1631 | D:1      | Learned a level 2 spell: Wereblood
  1944 | D:2      | Reached skill level 5 in Transmutations
  2616 | D:2      | Reached XP level 4. HP: 32/32 MP: 3/7
  2819 | D:2      | Reached skill level 6 in Transmutations
  3012 | D:2      | Noticed Jessica
  3024 | D:2      | Killed Jessica
  3025 | D:2      | Reached XP level 5. HP: 24/37 MP: 5/8
  3244 | D:2      | Found a runed translucent door.
  3245 | D:2      | Noticed Crazy Yiuf
  3372 | D:2      | Killed Crazy Yiuf
  3857 | D:3      | Reached skill level 5 in Unarmed Combat
  4295 | D:4      | You fall into a shaft and drop 1 floor!
  4295 | D:5      | Entered Level 5 of the Dungeon
  4295 | D:5      | Noticed a phantom
  4295 | D:5      | Noticed a hornet
  4300 | D:5      | Slain by a hornet

Illustrated notes

Levels and vault maps discovered:
D:1:      dpeg_arrival_fog, layout_basic, shapermc_ecumenical_altar_pompeii,
          hex_intersection
D:2:      layout_rooms, minmay_statues_item, uniq_crazy_yiuf_cottage,
          uniq_jessica
D:3:      layout_basic, minmay_misc_feat_tower
D:4:      layout_basic, grunt_temple_overflow_open, nemelex_spade_bored_becter,
          item_on_display_a
D:5:      layout_layer_cave, mainiacjoe_overflow_paths, uniq_prince_ribbit1,
          uniq_grinder, uniq_duvessa, uniq_eustachio

Skill      XL: |  1  2  3  4  5 |
---------------+----------------+-----
Transmutations | 3 4 5 6 |  6.0
Unarmed Combat | 4 5 |  5.4
Fighting       | |  1.1
Dodging        | |  2.6
Spellcasting   | |  2.0

Action                   |  1- 3 |  4- 6 || total
-------------------------+-------+-------++-------
Melee: Unarmed           |   126 |    94 ||   220
       Headbutt          |    14 |     4 ||    18
       Punch             |       |     2 ||     2
 Cast: Beastly Appendage |    23 |     8 ||    31
       Spider Form       |     4 |     9 ||    13
       Wereblood         |       |     1 ||     1
  Use: Potion            |       |     1 ||     1
 Stab: Sleeping          |     1 |       ||     1
Armor: Robe              |     9 |     5 ||    14
       Skin              |       |     1 ||     1
Dodge: Dodged            |    72 |    50 ||   122
